 Dungeon Crawl Stone Soup version 0.23-a0-584-g44dd78f (webtiles) character file.

70 Lavandula the Cutter (level 4, -1/27 HPs)
             Began as a Halfling Enchanter on Dec 17, 2018.
             Slain by a centaur (6 damage)
             ... on level 4 of the Dungeon.
             The game lasted 00:07:57 (1596 turns).

Lavandula the Cutter (Halfling Enchanter)           Turns: 1596, Time: 00:07:58

Health: -1/27      AC:  3    Str:  9    XL:     4   Next: 45%
Magic:  4/6        EV: 14    Int: 19    God:
Gold:   101        SH:  0    Dex: 14    Spells: 3/6 levels left

rFire    . . .     SeeInvis .   a - +1 dagger
rCold    . . .     Gourm    .   (shield restricted)
rNeg     . . .     Faith    .   b - +0 robe
rPois    .         Spirit   .   (no helmet)
rElec    .         Reflect  .   q - +0 cloak
rCorr    +         Harm     .   (no gloves)
MR       .....                  (no boots)
Stlth    ++........             (no amulet)
HPRegen  0.09/turn              j - ring of resist corrosion
MPRegen  0.10/turn              (no ring)

@: brilliant, heavily drained
A: small, mutation resistance 1, sturdy frame 1
a: no special abilities


You were on level 4 of the Dungeon.
You were not hungry.

You visited 1 branch of the dungeon, and saw 5 of its levels.

You collected 101 gold pieces.

Inventory:

Hand Weapons
 a - a +1 dagger (weapon)
 f - a +0 hunting sling
Missiles
 r - 14 sling bullets
Armour
 b - a +0 robe (worn)
 q - a +0 cloak (worn)
Jewellery
 j - a ring of resist corrosion (left hand)
 k - an uncursed amulet of harm
Scrolls
 h - a scroll of teleportation
 i - 2 scrolls of immolation {unknown}
 l - a scroll of magic mapping {unknown}
Potions
 e - a potion of flight {unknown}
 m - a potion of berserk rage {unknown}
 n - a potion of lignification {unknown}
 o - a potion of heal wounds {unknown}
 p - a potion of brilliance
Comestibles
 d - 3 rations


   Skills:
 + Level 4.8(3.5) Short Blades
 - Level 2.1(1.0) Dodging
 - Level 3.2(2.0) Stealth
 - Level 1.5(0.4) Spellcasting
 - Level 2.4(1.2) Hexes


You had 3 spell levels left.
You knew the following spells:

 Your Spells              Type           Power        Failure   Level  Hunger
a - Corona                Hex            ###....      1%          1    ##.....
b - Ensorcelled Hibernat  Hex/Ice        ##....       3%          2    ###....

Your spell library contained the following spells:

 Spells                   Type           Power        Failure   Level  Hunger
 Confuse                  Hex            ###.....     4%          3    ####...
 Tukima's Dance           Hex            ###.....     4%          3    ####...
 Dazzling Spray           Conj/Hex       ##....       5%          3    ####...


Dungeon Overview and Level Annotations

Branches:
Dungeon (5/15)
 Temple: D:4-7

Altars:
Ashenzari

Shops:
D:4 [

Annotations:
D:2 exclusion: adder


Innate Abilities, Weirdness & Mutations

You are small and have problems with some larger weapons.
You are somewhat resistant to further mutation.
Your movements are slightly less encumbered by armour. (ER -2)


Message History

Found a manual of Hexes.
A centaur comes into view.
The centaur shouts!
Your magical contamination has completely faded away.
The centaur shouts!
The centaur completely misses you.
You aren't carrying any items that you can evoke.
Unknown command.
Okay, then.
You barely miss the centaur. The centaur hits you! x2
* * * LOW HITPOINT WARNING * * *
It was a potion of brilliance.
You feel clever all of a sudden. The centaur hits you.
* * * LOW HITPOINT WARNING * * *
The centaur closely misses you.
It was a potion of mutation.
You feel extremely strange.
You feel less encumbered by your armour.
The centaur hits you.
You die...

.. #.#.#........'.
#.####.#.#........##
#.#....#.#........#
#!#....#.#.########
#......#.#.#
##.....#.#.# .##
#.###.#.#.#
.....#c.##.#
......c@.#.#
...##.##...# . #..
#..# #.). ..# ...#c
..# #.#.#. .# #.# .#


You could see 2 centaurs.

Vanquished Creatures
  A worker ant (D:4)
  An adder (D:4)
  A worm (D:2)
  2 leopard geckos (D:4)
  A ball python (D:2)
  2 giant cockroaches
  7 goblins
  3 hobgoblins
  3 jackals (D:2)
  3 bats (D:2)
  A frilled lizard (D:1)
  3 kobolds
  4 rats
32 creatures vanquished.

Notes
Turn   | Place    | Note
-------+----------+-------------------------------------------
     0 | D:1      | Lavandula the Halfling Enchanter began the quest for the
                  | Orb.
     0 | D:1      | Reached XP level 1. HP: 11/11 MP: 3/3
   336 | D:1      | Reached skill level 2 in Short Blades
   383 | D:1      | Reached XP level 2. HP: 17/17 MP: 4/4
   548 | D:2      | Learned a level 2 spell: Ensorcelled Hibernation
   575 | D:2      | Reached skill level 3 in Short Blades
   648 | D:2      | Reached XP level 3. HP: 21/21 MP: 2/5
  1253 | D:3      | Found a shattered altar of Ashenzari.
  1376 | D:3      | Noticed an ogre
  1530 | D:4      | Reached skill level 4 in Short Blades
  1551 | D:4      | Reached XP level 4. HP: 19/27 MP: 4/6
  1555 | D:5      | Entered Level 5 of the Dungeon
  1568 | D:4      | Found Byjeumo's Antique Armour Shop.
  1589 | D:4      | Noticed a centaur
  1591 | D:4      | Noticed a centaur
  1596 | D:4      | Gained mutation: Your movements are slightly less
                  | encumbered by armour. (ER -2) [potion of mutation]
  1596 | D:4      | Slain by a centaur

Vault maps used:
D:1:      lightli_iron_boxes
D:2:      first_ration
D:3:      nicolae_overflow_crystal_walls, hangedman_decor_diamond_cutter
D:4:      marbit_many_paths, serial_shops, shop, nicolae_shop_stone,
          kennysheep_mini, serial_bayou_lagoon_a, minmay_manual_mares
D:5:      uniq_eustachio, uniq_sigmund, uniq_pikel

Skill      XL: |  1  2  3 |
---------------+----------+-----
Short Blades   | 2 3 4 |  4.8
Dodging        | |  2.1
Stealth        | |  3.2
Spellcasting   | |  1.5
Hexes          | |  2.4

Action                   |  1- 3 |  4- 6 || total
-------------------------+-------+-------++-------
Melee: Dagger            |   116 |     2 ||   118
 Fire: Hunting sling     |     4 |       ||     4
 Cast: Corona            |    19 |       ||    19
       Ensorcelled Hiber |    13 |     1 ||    14
  Use: Scroll            |     4 |       ||     4
       Potion            |       |     2 ||     2
 Stab: Sleeping          |     9 |     1 ||    10
  Eat: Chunk             |     2 |       ||     2
       Ration            |     1 |       ||     1
Armor: Robe              |    16 |       ||    16
Dodge: Dodged            |    91 |     3 ||    94

Table legend:
 A = Non-vault XP
 B = Vault XP
 C = Vault XP percentage of total XP
 D = Non-vault monster count
 E = Vault monster count
 F = Vault count percentage of total count
                 A         B        C        D         E       F
            +---------+---------+-------+---------+---------+-------
      Total |     101 |       0 |   0.0 |      32 |       0 |   0.0
            +---------+---------+-------+---------+---------+-------
        D:1 |      12 |       0 |   0.0 |       8 |       0 |   0.0
        D:2 |      37 |       0 |   0.0 |      19 |       0 |   0.0
        D:3 |       1 |       0 |   0.0 |       1 |       0 |   0.0
        D:4 |      51 |       0 |   0.0 |       4 |       0 |   0.0
            +---------+---------+-------+---------+---------+-------
